 Dungeon Crawl Stone Soup version 0.19.1 (webtiles) character file.

121 Melicamp the Bolt Thrower (level 5, 0/25 HPs)
             Began as a Vine Stalker Arcane Marksman on Nov 27, 2016.
             Slain by an orc wizard
             ... wielding a +0 dagger
              (5 damage)
             ... on level 2 of the Dungeon.
             The game lasted 00:09:28 (2155 turns).

Melicamp the Bolt Thrower (VSAM)                    Turns: 2155, Time: 00:09:28

Health: 0/25       AC:  2    Str: 13    XL:     5   Next: 5%
Magic:  0/7        EV: 12    Int: 13    God:
Gold:   158        SH:  0    Dex: 15    Spells: 1 memorised, 5 levels left

rFire  . . .     SeeInvis .     a - +1 hand crossbow
rCold  . . .     Gourm    .     e - +0 robe
rNeg   . . .     Faith    .     (no shield)
rPois  .         Spirit   +     (no helmet)
rElec  .         Reflect  .     (no cloak)
rCorr  .         Harm     .     (no gloves)
MR     .....                    (no boots)
Stlth  ++........               (no amulet)
                                (no ring)
                                (no ring)

@: no status effects
A: fangs 2, regeneration 1, magic shield, antimagic bite, no device heal 3, rot
immunity
a: no special abilities


You were on level 2 of the Dungeon.
You were not hungry.

You visited 1 branch of the dungeon, and saw 3 of its levels.

You collected 158 gold pieces.

Inventory:

Hand Weapons
 a - a +1 hand crossbow (weapon)
 i - a +0 dagger
Missiles
 d - 10 bolts (quivered)
Armour
 e - a +0 robe (worn)
Potions
 b - a potion of curing
 h - a potion of brilliance
 m - 2 potions of invisibility
Books
 c - a book of Debilitation

   Spells                             Type                      Level
   a - Corona                         Hexes                        1
   b - Slow                           Hexes                        2
   c - Gell's Gravitas                Hexes/Translocation          3
   d - Inner Flame                    Hexes/Fire                   3
   e - Cause Fear                     Hexes                        4
   f - Leda's Liquefaction            Hexes/Earth                  4
Comestibles
 f - 2 bread rations
 k - a beef jerky
 l - a meat ration


   Skills:
 - Level 0.8 Fighting
 * Level 3.7 Crossbows
 - Level 1.5 Dodging
 + Level 3.5 Stealth
 - Level 1.1 Spellcasting
 - Level 3.0 Hexes


You had 5 spell levels left.
You knew the following spells:

 Your Spells              Type           Power        Failure   Level  Hunger
a - Corona                Hex            #......      10%         1    ##.....


Dungeon Overview and Level Annotations

Branches:
Dungeon (3/15)

Altars:


Innate Abilities, Weirdness & Mutations

You have extremely sharp teeth.
Your natural rate of healing is unusually fast.
When hurt, damage is shared between your health and your magic reserves.
Your bite disrupts and absorbs the magic of your enemies.
Potions and wands cannot restore your health.
You are immune to rotting.


Message History

You shoot a bolt. Something hits you. x2
* * * LOW HITPOINT WARNING * * *
Firing (i - inventory):
d - 12 bolts (quivered)
Press: ? - help, Shift-Dir - straight line, f - you Really target yourself? [Y]es or [N]o only, please.
Really target yourself?
Okay, then.
Firing (i - inventory):
d - 12 bolts (quivered)
Press: ? - help, Shift-Dir - straight line You shoot a bolt.
You feel less confused. Something hits you.
* * * LOW HITPOINT WARNING * * *
Firing (i - inventory):
d - 11 bolts (quivered)
Press: ? - help, Shift-Dir - straight line You shoot a bolt.
Something hits you.
* * * LOW HITPOINT WARNING * * *
Something hits you.
You die...

..........#.#
#.#.##.##.#####.###
......#####.#
#............#.....
........# #.#
###.##.##.##.#).###
..#####.# #.#
##..##.#...#.#..# ..#
#.###.###...##...#.(.#..#
..#
#...............###..#..#
..#
#####.###...###..#...#<.###
#.# #.# ##.####.)..#.#.....
#.# #.# #@###...###.#.####
#.# #.# #(......(.........
..# #.# #####...###!#.....
..# #.# ##.####.###### .##
#.# #......# ## #.#
#####..# # #.# #..# # #.#
#..###### # #.# #....(..#


There were no monsters in sight!

Vanquished Creatures
  An orc wizard (D:3)
  4 adders (D:2)
  A worm (D:2)
  3 dart slugs (D:1)
  A leopard gecko (D:1)
  2 orcs
  4 bats
  4 goblins
  7 hobgoblins
  8 jackals
  3 frilled lizards
  4 kobolds
  3 rats
45 creatures vanquished.

Notes
Turn   | Place    | Note
-------+----------+-------------------------------------------
     0 | D:1      | Melicamp the Vine Stalker Arcane Marksman began the quest for the Orb.
     0 | D:1      | Reached XP level 1. HP: 9/9 MP: 3/3
   128 | D:1      | Reached skill level 1 in Stealth
   187 | D:1      | Reached XP level 2. HP: 14/14 MP: 4/4
  1074 | D:1      | Reached XP level 3. HP: 17/17 MP: 5/5
  1616 | D:2      | Gained mutation: Your natural rate of healing is unusually fast. [Vine Stalker growth]
  1616 | D:2      | Reached XP level 4. HP: 21/21 MP: 4/6
  2086 | D:3      | Reached XP level 5. HP: 25/25 MP: 4/7
  2155 | D:2      | Slain by an orc wizard

Skill      XL: |  1  2  3  4 |
---------------+-------------+-----
Crossbows      | 2 3 |  3.7
Stealth        | 1 2 3 |  3.5
Fighting       | |  0.8
Dodging        | |  1.5
Spellcasting   | |  1.1
Hexes          | |  3.0

Action                   |  1- 3 |  4- 6 || total
-------------------------+-------+-------++-------
Melee: Hand crossbow     |     1 |     1 ||     2
 Fire: Hand crossbow     |    73 |    26 ||    99
 Cast: Corona            |    15 |    14 ||    29
  Use: Scroll            |     8 |     3 ||    11
 Stab: Sleeping          |     1 |       ||     1
  Eat: Chunk             |     3 |       ||     3
       Meat ration       |       |     1 ||     1
Armor: Robe              |     3 |     4 ||     7
Dodge: Dodged            |    24 |    22 ||    46
